 Dungeon Crawl Stone Soup version 0.24.0-13-gcf9b3192b9 (webtiles) character file.

Game seed: 1171708467976525140, levelgen mode: classic

444 EnegeticOcto the Insei (level 7, 0/38 HPs)
             Began as a Vine Stalker Earth Elementalist on Nov 9, 2019.
             Was an Initiate of Elyvilon.
             Slain by a wyvern (3 damage)
             ... on level 5 of the Dungeon.
             The game lasted 00:09:22 (1559 turns).

EnegeticOcto the Insei (VSEE)                       Turns: 1559, Time: 00:09:23

Health: 0/38       AC:  2    Str:  8 (11) XL:     7   Next: 3%
Magic:  0/11       EV: 12    Int: 15 (17) God:    Elyvilon [......]
Gold:   82         SH:  0    Dex: 12 (14) Spells: 4/10 levels left

rFire    + . .     SeeInvis .     - Unarmed
rCold    + . .     Gourm    .   (no shield)
rNeg     . . .     Faith    .   m - +0 robe {rC+ rF+}
rPois    .         Spirit   +   (no helmet)
rElec    .         Reflect  .   (no cloak)
rCorr    .         Harm     .   (no gloves)
MR       .....                  (no boots)
Stlth    +.........             (no amulet)
HPRegen  0.52/turn              l - ring of wizardry
MPRegen  0.12/turn              (no ring)

@: confused, flying, very slightly contaminated
A: fangs 2, regeneration 1, magic shield, antimagic bite, no potion heal 3, rot
immunity
a: Renounce Religion


You were on level 5 of the Dungeon.
You worshipped Elyvilon.
Elyvilon was noncommittal.
You were not hungry.

You visited 1 branch of the dungeon, and saw 5 of its levels.

You collected 82 gold pieces.

Inventory:

Hand Weapons
 b - a +1 scythe
Missiles
 d - 32 arrows
 h - 22 poisoned darts (quivered)
Armour
 m - a +0 robe of resistance (worn)
Jewellery
 l - a ring of wizardry (left hand)
Scrolls
 j - a scroll of fog
Potions
 a - a potion of flight
 f - a potion of magic
 g - a potion of resistance
Comestibles
 c - 4 chunks of flesh
 e - 6 rations


   Skills:
 + Level 4.3 Fighting
 - Level 1.5 Dodging
 - Level 2.4 Stealth
 + Level 4.7 Unarmed Combat
 - Level 2.1 Spellcasting
 - Level 1.0 Transmutations
 - Level 3.0 Earth Magic


You had 4 spell levels left.
You knew the following spells:

 Your Spells              Type           Power        Failure   Level  Hunger
a - Sandblast             Erth           ##....       2%          1    #......
b - Stone Arrow           Conj/Erth      #.....       14%         3    ###....
p - Passwall              Tmut/Erth      #.......     6%          2    ###....

Your spell library contained the following spells:

 Spells                   Type           Power        Failure   Level  Hunger
 Shock                    Conj/Air       #...         9%          1    #......
 Swiftness                Chrm/Air       #.......     13%         2    ###....
 Static Discharge         Conj/Air       #.......     26%         3    ###....
 Petrify                  Tmut/Erth      #.......     34%         4    #####..
 Airstrike                Air            #.........   61%         4    #####..
 Lee's Rapid Deconstruct  Erth           ##........   54%         5    ######.
 Lightning Bolt           Conj/Air       #.........   91%         5    ######.


Dungeon Overview and Level Annotations

Branches:
Dungeon (5/15)
 Temple: D:4-7

Altars:
Elyvilon
Hepliaklqana
Makhleb


Innate Abilities, Weirdness & Mutations

You have extremely sharp teeth.
Your natural rate of healing is unusually fast.
When hurt, damage is shared between your health and your magic reserves.
Your bite disrupts and absorbs the magic of your enemies.
Potions cannot restore your health.
You are immune to rotting.


Message History

You are feeling hungry.
The adder bites you.
You hit the adder. Your punch misses the adder. Your bite misses the adder.
The adder is heavily wounded.
The adder bites you.
You are poisoned.
The adder poisons you!
You barely miss the adder. Your bite misses the adder.
The adder is heavily wounded.
You feel sick. The adder closely misses you.
You barely miss the adder.
The adder is heavily wounded.
The adder bites you.
You are more poisoned.
The adder poisons you! The adder misses you.
You barely miss the adder. You bite the adder.
You kill the adder!
You feel sick.
You see here an adder corpse.
You feel sick.
You see here an adder corpse.
You butcher the adder corpse.
You feel sick.
c - 5 chunks of flesh (gained 2)
You see here an adder skeleton.
Eat one of 5 chunks of flesh? (ye/n/q)
You eat one of the 5 chunks of flesh.
This raw flesh tastes terrible.
You feel sick.
An adder comes into view.
You feel sick.
You feel sick.
Found a paperback book.
You feel sick.
e - 5 rations (gained 1)
You now have 82 gold pieces (gained 10).
You feel sick.
Found a ration.
You pick up a book of Air and begin reading...
You add the spells Shock, Swiftness, Static Discharge, Airstrike and Lightning Bolt to your library.
You feel sick.
You are no longer poisoned.
e - 6 rations (gained 1)
Found a stone staircase leading down.
Found a scroll of fog.
j - a scroll of fog
There is a stone staircase leading down here.
You climb downwards.
There is a stone staircase leading up here.
Okay, then.
A jackal zombie comes into view.
The helpless jackal zombie fails to defend itself.
You punch the jackal zombie! You bite the jackal zombie.
You destroy the jackal zombie!
A wyvern comes into view.
Casting: Stone Arrow (safe; 12% risk of failure)
Confirm with . or Enter, or press ? or * to list all spells.
You can't see any susceptible monsters within range! (Use Z to cast anyway.)
Casting: Stone Arrow (safe; 12% risk of failure)
Confirm with . or Enter, or press ? or * to list all spells.
Aiming: Stone Arrow (safe; 12% risk of failure)
Press: ? - help, Shift-Dir - straight line, f - wyvern
Aim: a wyvern (resting)
You miscast Stone Arrow.
You are very lightly contaminated with residual magic.
The air around you crackles with energy!
The wyvern hisses angrily.
A jelly comes into view.
Casting: Stone Arrow (safe; 12% risk of failure)
Confirm with . or Enter, or press ? or * to list all spells.
Aiming: Stone Arrow (safe; 12% risk of failure)
Press: ? - help, Shift-Dir - straight line, f/p - wyvern
Aim: a wyvern The stone arrow hits the wyvern.
The wyvern is lightly wounded.
The jelly quivers.
Casting: Stone Arrow (safe; 12% risk of failure)
Confirm with . or Enter, or press ? or * to list all spells.
Aiming: Stone Arrow (safe; 12% risk of failure)
Press: ? - help, Shift-Dir - straight line, f/p - wyvern
Aim: a wyvern (lightly wounded)
You miscast Stone Arrow.
Your skin tingles.
The wyvern bites you.
A bullfrog skeleton comes into view.
The wyvern barely misses you.
Okay, then.
It was a potion of degeneration.
There was something very wrong with that liquid.
You feel weakened.
You feel dopey.
You feel clumsy. The wyvern barely misses you.
It was a potion of flight.
You feel very buoyant.
You fly up into the air.
The wyvern bites you! The wyvern barely misses you.
It was a potion of ambrosia.
You are confused.
Your system rejects the healing.
You feel invigorated. The wyvern barely misses you.
You barely miss the wyvern. The wyvern bites you. The wyvern bites you!
You bump into the rock wall.
The wyvern bites you!
* * * LOW HITPOINT WARNING * * *
You bump into the rock wall.
The wyvern closely misses you. The wyvern bites you!
You die...

###########
......... #....#
#....##
##############..#
#..ZJl@.......#.#
#.###########.#.#
#.#.## #.#..#
####.##.######
..............
####.##..#####
#.###.# #### #.#
#.##


You could see a wyvern, a jelly and a bullfrog skeleton.

Vanquished Creatures
  Sigmund (D:4)
  A crimson imp (D:5)
  A jelly (D:5)
  An orc priest (D:3)
  2 orc wizards (D:3)
  2 worker ants
  A howler monkey skeleton (D:5)
  2 adders
  A gnoll (D:4)
  An ooze (D:3)
  2 worms
  A dart slug (D:2)
  A leopard gecko (D:2)
  6 orcs
  A ball python (D:3)
  2 bats
  2 giant cockroaches
  A goblin (D:2)
  5 hobgoblins
  8 jackals
  2 quokkas
  3 frilled lizards
  A jackal zombie (D:5)
  3 kobolds
  7 rats
58 creatures vanquished.

Notes
Turn   | Place    | Note
-------+----------+-------------------------------------------
     0 | D:1      | EnegeticOcto the Vine Stalker Earth Elementalist began the
                  | quest for the Orb.
     0 | D:1      | Reached XP level 1. HP: 9/9 MP: 4/4
    97 | D:1      | Reached skill level 1 in Unarmed Combat
    97 | D:1      | Reached XP level 2. HP: 14/14 MP: 3/6
   120 | D:1      | Reached skill level 1 in Fighting
   354 | D:2      | Learned a level 2 spell: Passwall
   393 | D:2      | Found a hazy altar of Hepliaklqana.
   430 | D:2      | Reached XP level 3. HP: 11/18 MP: 5/7
   435 | D:2      | Learned a level 3 spell: Stone Arrow
   441 | D:2      | Found a burning altar of Makhleb.
   763 | D:3      | Gained mutation: Your natural rate of healing is unusually
                  | fast. [Vine Stalker growth]
   763 | D:3      | Reached XP level 4. HP: 3/23 MP: 0/8
   861 | D:3      | Reached XP level 5. HP: 8/28 MP: 0/9
   957 | D:4      | Noticed Sigmund
  1015 | D:4      | Killed Sigmund
  1015 | D:4      | Reached XP level 6. HP: 20/33 MP: 1/10
  1112 | D:5      | Entered Level 5 of the Dungeon
  1419 | D:5      | Found a white marble altar of Elyvilon.
  1433 | D:5      | Became a worshipper of Elyvilon the Healer
  1451 | D:5      | Reached XP level 7. HP: 33/37 MP: 0/11
  1547 | D:5      | Noticed a wyvern
  1559 | D:5      | Slain by a wyvern

Levels and vault maps discovered:
D:1:      zelgadis_glass_arrival_small, layout_basic, serial_forest,
          infiniplex_forest_straight_2, infiniplex_forest_clump_small,
          infiniplex_forest_clump_long, infiniplex_forest_clump_small,
          infiniplex_forest_lined_corner, infiniplex_forest_end_double,
          infiniplex_forest_lined_4_way
D:2:      layout_loops_ring, old_standard_altar, old_standard_altar
D:3:      layout_basic, chequers_ecumenical_altar_grove
D:4:      layout_basic, first_ration, uniq_sigmund
D:5:      layout_basic, basic_altar

Skill      XL: |  1  2  3  4  5  6 |
---------------+-------------------+-----
Unarmed Combat | 1 2 3 4 |  4.7
Fighting       | 1 2 3 4 |  4.3
Dodging        | |  1.5
Stealth        | |  2.4
Spellcasting   | |  2.1
Transmutations | |  1.0
Earth Magic    | |  3.0

Action                   |  1- 3 |  4- 6 |  7- 9 || total
-------------------------+-------+-------+-------++-------
Melee: Unarmed           |    59 |    47 |     8 ||   114
       Bite              |    14 |    14 |     3 ||    31
       Punch             |       |     2 |       ||     2
 Cast: Sandblast         |    36 |    16 |       ||    52
       Stone Arrow       |     1 |    14 |     2 ||    17
       Passwall          |       |     2 |       ||     2
  Use: Scroll            |       |     8 |       ||     8
       Potion            |       |       |     3 ||     3
 Stab: Sleeping          |     3 |       |     1 ||     4
  Eat: Chunk             |       |     1 |     1 ||     2
       Ration            |       |     1 |       ||     1
Armor: Robe              |     8 |     9 |       ||    17
Dodge: Dodged            |    50 |    34 |     9 ||    93
